 Dungeon Sprint DCSS version 0.31-a0-859-g9dce7d3444 (webtiles) character file.

Game seed: 11024472990447232675

1256 sircluck the Basher (level 8, -2/138 HPs)
             Began as a Troll Berserker on Oct 9, 2023.
             Was an Elder of Trog.
             Slain by a centaur warrior (4 damage)
             ... in the Dungeon (Sprint I: "Red Sonja").
             The game lasted 00:01:18 (331 turns).

sircluck the Basher (Troll Berserker)                Turns: 331, Time: 00:01:19

Health: -2/138     AC:  4    Str: 28    XL:     8   Next: 26%
Magic:  7/7        EV: 12    Int:  3    God:    Trog [****..]
Gold:   405        SH:  0    Dex:  9    Spells: 7/7 levels left

rFire   . . .        j - +0 giant club
rCold   . . .        (shield currently unavailable)
rNeg    . . .        b - +0 animal skin
rPois   .            (helmet restricted)
rElec   .            (no cloak)
rCorr   .            (gloves unavailable)
SInv    .            (boots unavailable)
Will    .....        (no amulet) Stlth
                     (no ring)
HPRegen 1.23/turn    (no ring)
MPRegen 0.10/turn

%: no teleportation
@: berserking (expiring), very quick
A: large, unfitting armour, claws 3, regeneration 1, shaggy fur 1, tough skin 1
a: Renounce Religion, Berserk, Trog's Hand, Brothers in Arms


You were in the Dungeon.
You worshipped Trog.
Trog was greatly pleased with you.
You visited 1 branch You collected 405 gold pieces.

Inventory:

Hand Weapons
 a - a +0 mace
 j - a +0 giant club (weapon)
Missiles
 k - 4 stones
Armour
 b - a +0 animal skin (worn)
Wands
 i - a wand of iceblast (5)
Scrolls
 h - a scroll of blinking
Potions
 c - a potion of curing
 d - 2 potions of heal wounds
 e - a potion of haste
 f - 2 potions of magic
 g - a potion of berserk rage
 l - 2 potions of degeneration {unknown}


   Skills:
 + Level 9.4 Fighting
 + Level 10.1 Maces & Flails
 + Level 9.3 Dodging


You had 7 spell levels left.
You didn't know any spells.
Your spell library was empty.

Dungeon Overview and Level Annotations

Branches:
Dungeon (1/1)

Altars:
Cheibriados
Dithmenos
Elyvilon
Fedhas
Gozag
Hepliaklqana
Kikubaaqudgha
Makhleb
Nemelex Xobeh
Okawaru
Qazlal
Ru
Sif Muna
Trog
Uskayaw
Vehumet
Wu Jian
Xom
Yredelemnul
Zin
The Shining One
Jiyva
Lugonu

Shops:
D ?


Innate Abilities, Weirdness & Mutations

You are too large for most types of armour.
You have claws for hands.
Your natural rate of healing is unusually fast.
You are covered in fur. (AC +1)
You have tough skin. (AC +1)


Message History

You are too injured to fight recklessly!
You are too injured to fight recklessly!
You are too injured to fight recklessly!
Unknown command.
You hit the centaur warrior.
The centaur warrior is moderately wounded.
The centaur warrior hits you but does no damage.
The centaur warrior barely misses you. The centaur warrior hits you!
The centaur warrior kicks you but does no damage.
The centaur warrior hits you. The centaur warrior kicks you.
You barely miss the centaur warrior.
The centaur warrior is moderately wounded.
The centaur warrior closely misses you. The centaur warrior barely misses you.
The centaur warrior hits you. The centaur warrior closely misses you.
You completely miss the centaur warrior.
The centaur warrior is moderately wounded.
The centaur warrior hits you. The centaur warrior kicks you.
* * * LOW HITPOINT WARNING * * *
The centaur warrior hits you.
* * * LOW HITPOINT WARNING * * *
The centaur warrior barely misses you.
Unknown command.
Unknown command.
You bludgeon the centaur warrior!!
The centaur warrior is severely wounded.
The centaur warrior hits you!
* * * LOW HITPOINT WARNING * * *
The centaur warrior kicks you but does no damage.
The centaur warrior hits you!
* * * LOW HITPOINT WARNING * * *
The centaur warrior kicks you.
* * * LOW HITPOINT WARNING * * *
Unknown command.
You bludgeon the centaur warrior!!
You kill the centaur warrior!
Trog accepts your kill. The centaur warrior hits you!
* * * LOW HITPOINT WARNING * * *
The centaur warrior kicks you.
You die...

########################
.#..'..#.)'..#__#..')..#
.').#..'..#..'..'..#)..#
.#####'#####'#__####...+
.####..#...#.####§§#####
.#__####..##.#~§§§§#
.#_____##'#_.'~§@§§+
⌠#_.∩...'..._#~§§c§#
##_..__##_.#'##+####
#_____###+#.# #######
###


You could see a centaur warrior.

Vanquished Creatures
  A centaur warrior (D)
  2 kobold demonologists (D)
  A slime creature (D)
  A yak (D)
  Sigmund (D)
  A floating eye (D)
  An ogre (D)
  A jelly (D)
  Ijyb (D)
10 creatures vanquished.

Notes
Turn   | Place    | Note
-------+----------+-------------------------------------------
     0 | D        | sircluck the Troll Berserker began the quest for the Orb.
     0 | D        | Reached XP level 1. HP: 22/22 MP: 0/0
     1 | D        | Noticed Ijyb
    41 | D        | Killed Ijyb
    42 | D        | Reached skill level 4 in Maces & Flails
    42 | D        | Reached XP level 2. HP: 15/32 MP: 1/1
    59 | D        | Noticed an ogre
    66 | D        | Killed an ogre
    67 | D        | Reached skill level 5 in Fighting
    67 | D        | Reached skill level 5 in Maces & Flails
    67 | D        | Reached skill level 5 in Dodging
    67 | D        | Reached XP level 3. HP: 42/42 MP: 2/2
    67 | D        | Reached XP level 4. HP: 50/50 MP: 3/3
   107 | D        | Noticed Sigmund
   117 | D        | Killed Sigmund
   117 | D        | Reached ** piety under Trog
   118 | D        | Reached skill level 7 in Maces & Flails
   118 | D        | Reached XP level 5. HP: 31/61 MP: 4/4
   118 | D        | Reached XP level 6. HP: 35/68 MP: 5/5
   163 | D        | Found an ornate altar of the Wu Jian Council.
   163 | D        | Found a shimmering blue altar of Sif Muna.
   165 | D        | Found a radiant altar of Vehumet.
   197 | D        | Found Wuucs's Magic Scroll Emporium.
   197 | D        | Found an ancient bone altar of Kikubaaqudgha.
   197 | D        | Found a hazy altar of Hepliaklqana.
   197 | D        | Found a hide-covered altar of Uskayaw.
   197 | D        | Found a basalt altar of Yredelemnul.
   197 | D        | Found an opulent altar of Gozag.
   197 | D        | Found a snail-covered altar of Cheibriados.
   197 | D        | Found a sacrificial altar of Ru.
   197 | D        | Found a shadowy altar of Dithmenos.
   197 | D        | Noticed a yak
   198 | D        | Found a stormy altar of Qazlal.
   198 | D        | Found a blossoming altar of Fedhas.
   198 | D        | Found a bloodstained altar of Trog.
   198 | D        | Found an iron altar of Okawaru.
   198 | D        | Found a glowing golden altar of the Shining One.
   198 | D        | Found a glowing silver altar of Zin.
   198 | D        | Found a white marble altar of Elyvilon.
   204 | D        | Killed a yak
   205 | D        | Reached skill level 8 in Maces & Flails
   205 | D        | Found a sparkling altar of Nemelex Xobeh.
   220 | D        | Found a burning altar of Makhleb.
   220 | D        | Found a viscous altar of Jiyva.
   220 | D        | Found a shimmering altar of Xom.
   220 | D        | Found a corrupted altar of Lugonu.
   220 | D        | Noticed a slime creature
   228 | D        | Killed a slime creature
   228 | D        | Reached *** piety under Trog
   229 | D        | Reached XP level 7. HP: 59/80 MP: 6/6
   247 | D        | Noticed a kobold demonologist
   247 | D        | Noticed a kobold demonologist
   250 | D        | Reached skill level 9 in Maces & Flails
   250 | D        | Noticed a ynoxinul
   258 | D        | Noticed a rust devil
   262 | D        | Killed a kobold demonologist
   271 | D        | Noticed a hellwing
   273 | D        | Killed a kobold demonologist
   273 | D        | Reached **** piety under Trog
   274 | D        | Reached skill level 10 in Maces & Flails
   274 | D        | Reached XP level 8. HP: 42/92 MP: 7/7
   319 | D        | Noticed a centaur warrior
   319 | D        | Noticed a centaur warrior
   331 | D        | Killed a centaur warrior
   331 | D        | HP: 2/138 [centaur warrior (14)]
   331 | D        | Slain by a centaur warrior

Illustrated notes

Levels and vault maps discovered:
D:        dungeon_sprint_1 [red_sonja_temple_1, red_sonja_temple_small_1]

Skill      XL: |  1  2  3  4  5  6  7 |
---------------+----------------------+-----
Fighting       | 3 5 6 8 9 |  9.4
Maces & Flails | 4 5 7 8 10 | 10.1
Dodging        | 3 5 6 8 9 |  9.3

Action                     |  1- 3 |  4- 6 |  7- 9 || total
---------------------------+-------+-------+-------++-------
  Melee: Mace              |    44 |       |       ||    44
         Punch             |     1 |       |       ||     1
         Giant club        |       |    21 |    33 ||    54
 Invoke: Berserk           |     1 |       |     1 ||     2
 Armour: Animal skin       |    29 |    16 |    84 ||   129
  Dodge: Dodged            |    23 |     7 |    54 ||    84

Table legend: (Time is in decaauts)
 A = Elapsed time spent in this place.
 B = Non-inter-level travel time spent in this place.
 C = Inter-level travel time spent in this place.
 D = Time resting spent in this place.
 E = Time spent auto-exploring this place.
 F = Levels seen in this place.
 G = Mean time per level.
                   A        B        C        D        E       F      G
               +--------+--------+--------+--------+--------+-----+--------+
         Total |    358 |    347 |     11 |     47 |     65 |   1 |  358.0 |
       Dungeon |    358 |    347 |     11 |     47 |     65 |   1 |  358.0 |
               +--------+--------+--------+--------+--------+-----+--------+

Top non-repeatable levels by time:
       D: 358 daAuts
